 Dungeon Crawl Stone Soup version 0.31-a0-692-gf03d1854d5 (webtiles) character file.

Game seed: 6366684528804519942

44 Bnni the Shield-Bearer (level 3, -3/29 HPs)
             Began as a Formicid Fighter on Sept 7, 2023.
             Slain by a gnoll
             ... wielding a +2 flail of protection
              (10 damage)
             ... on level 1 of the Dungeon.
             The game lasted 00:01:22 (1037 turns).

Bnni the Shield-Bearer (Formicid Fighter)           Turns: 1037, Time: 00:01:22

Health: -3/29      AC:  6    Str: 22    XL:     3   Next: 87%
Magic:  3/3        EV: 14    Int:  7    God:
Gold:   105        SH:  5    Dex: 13    Spells: 2/2 levels left

rFire   . . .        a - +0 trident
rCold   . . .        c - +0 buckler
rNeg    . . .        b - +0 scale mail
rPois   .            (helmet unavailable)
rElec   .            (no cloak)
rCorr   .            (no gloves)
SInv    +            (no boots)
Will    +....        (no amulet) Stlth
                     k - +5 ring of evasion
HPRegen 0.24/turn    l - ring of willpower
MPRegen 0.08/turn

%: no passive effects
@: no status effects
A: permanent stasis, dig shafts and tunnels, antennae 3, four strong arms
a: Dig, Shaft Self


You were on level 1 of the Dungeon.
You visited 1 branch of the dungeon, and saw 2 of its levels.

You collected 105 gold pieces.

Inventory:

Hand Weapons
 a - a +0 trident (weapon)
Armour
 b - a +0 scale mail (worn)
 c - a +0 buckler (worn)
Jewellery
 j - a ring of protection from cold
 k - a +5 ring of evasion (left hand)
 l - a ring of willpower (right hand)
Scrolls
 i - 2 scrolls of teleportation {unknown}
Potions
 d - a potion of might
 e - a potion of magic {unknown}
 f - a potion of cancellation {unknown}
 g - a potion of brilliance {unknown}
 h - 2 potions of curing {unknown}


   Skills:
 + Level 3.6 Fighting
 * Level 2.9 Polearms
 - Level 3.2 Armour
 * Level 4.9 Shields


You had 2 spell levels left.
You didn't know any spells.
Your spell library contained the following spells:

 Spells                   Type           Power      Damage    Failure   Level
 Cigotuvi's Dreadful Rot  Necr/Pois/Air  0%         N/A       91%         2
 Ignite Poison            Fire/Tmut/Pois 0%         N/A       99%         3
 Freezing Cloud           Conj/Ice/Air   0%         6-21      100%        5


Dungeon Overview and Level Annotations

Branches:
Dungeon (2/15)

Altars:

Shops:
D:1 (


Innate Abilities, Weirdness & Mutations

You cannot be hasted, slowed, berserked, paralysed or teleported.
You can dig through walls and to a lower floor.
You have a pair of large antennae on your head. (SInv)
Your four strong arms can wield two-handed weapons with a shield.


Message History

You are frozen.
You barely miss the endoplasm.
The endoplasm is heavily wounded.
The endoplasm freezes you.
You are frozen.
You are too injured to fight recklessly!
You are too injured to fight recklessly!
You puncture the endoplasm!
You kill the endoplasm!
You start resting.
HP restored.
There is a stone staircase leading down here.
You climb downwards.
The gnoll barely misses you.
There is a stone staircase leading up here.
The gnoll closely misses you. The gnoll hits you but does no damage.
The gnoll hits you from afar with a +0 halberd!
You climb upwards.
There is a stone staircase leading down here.
You hit the gnoll.
The gnoll is heavily wounded.
The gnoll barely misses you. You block the gnoll's attack.
You puncture the gnoll!
You kill the gnoll!
The gnoll hits you with a +2 flail of protection.
You are too injured to fight recklessly!
You are too injured to fight recklessly!
You hit the gnoll.
The gnoll is moderately wounded.
The gnoll hits you with a +2 flail of protection!
* * * LOW HITPOINT WARNING * * *
You hit the gnoll but do no damage.
The gnoll is moderately wounded.
The gnoll barely misses you. You block the gnoll's attack.
You barely miss the gnoll.
The gnoll is moderately wounded.
You block the gnoll's attack.
You hit the gnoll.
The gnoll is heavily wounded.
The gnoll hits you with a +2 flail of protection!
You die...

###.....##........######...#<###.
.#########.......## #......##. .#
#.......# #.....###. .# ###...###
###..)### #. .# #...# #...>...#
#. .# ### ##.## #.##.##.# ##
####.########.# #.##.##.#
.........†....########.##.##.####
##.#...########.@.....#.#.##...(.
##.#.## #).g...###..##.#### ##.##
#..###.........#### ###
#...##.............
#.#.##....#.###..## #.#[##.####.#
#.### #......####.###.##
###.####.........## ######.##
#..........#


You could see a gnoll.

Vanquished Creatures
  A gnoll (D:1)
  3 dart slugs
  6 bats
  3 endoplasms (D:1)
  A giant cockroach (D:1)
  A goblin (D:1)
  2 hobgoblins
  2 jackals (D:1)
  A ball python (D:2)
  A frilled lizard (D:1)
  A kobold (D:2)
  7 rats
29 creatures vanquished.

Notes
Turn   | Place    | Note
-------+----------+-------------------------------------------
     0 | D:1      | Bnni the Formicid Fighter began the quest for the Orb.
     0 | D:1      | Reached XP level 1. HP: 18/18 MP: 1/1
   142 | D:1      | Reached XP level 2. HP: 24/24 MP: 2/2
   285 | D:1      | Found Yfyff's Weapon Shoppe.
   432 | D:1      | Reached XP level 3. HP: 29/29 MP: 3/3
   814 | D:2      | Found a faded altar of an unknown god.
  1037 | D:1      | Slain by a gnoll

Illustrated notes

Levels and vault maps discovered:
D:1:      saegor_arrival_simple_a, layout_loops_cross, serial_shops,
          shop_fountains, palyth_stone_intersect, minivault_4, hex_tiny,
          minmay_misc_feat_room
D:2:      layout_basic, hellmonk_ecumenical_altar_run_dry, serial_shops, shop,
          amcnicky_mini_corridor_feature

Action                     || total
---------------------------++-------
  Melee: Trident           ||    77
 Armour: Scale mail        ||    29
  Dodge: Dodged            ||    26
  Block: Buckler           ||    17

Table legend: (Time is in decaauts)
 A = Elapsed time spent in this place.
 B = Non-inter-level travel time spent in this place.
 C = Inter-level travel time spent in this place.
 D = Time resting spent in this place.
 E = Time spent auto-exploring this place.
 F = Levels seen in this place.
 G = Mean time per level.
                   A        B        C        D        E       F      G
               +--------+--------+--------+--------+--------+-----+--------+
         Total |   1052 |   1034 |     18 |     58 |    765 |   2 |  526.0 |
       Dungeon |   1052 |   1034 |     18 |     58 |    765 |   2 |  526.0 |
               +--------+--------+--------+--------+--------+-----+--------+

Top non-repeatable levels by time:
     D:1: 777 daAuts
     D:2: 275 daAuts
